 Dungeon Crawl Stone Soup version 0.31-a0-233-g139696dc86 (webtiles) character file.

Game seed: 148690153137272981

33 qw the Shooter (level 3, 0/21 HPs)
             Began as a Gargoyle Hexslinger on July 8, 2023.
             Slain by an adder (3 damage)
             ... on level 2 of the Dungeon.
             The game lasted 00:00:24 (1017 turns).

qw the Shooter (Gargoyle Hexslinger)                Turns: 1017, Time: 00:00:24

Health: 0/21       AC:  8    Str: 11    XL:     3   Next: 29%
Magic:  0/4        EV: 10    Int: 13    God:
Gold:   48         SH:  0    Dex: 14    Spells: 3/4 levels left

rFire   . . .        Y - +1 sling
rCold   . . .        (no shield)
rNeg    + . .        h - +0 ring mail
rPois   inf          (no helmet)
rElec   +            (no cloak)
rCorr   .            (no gloves)
SInv    .            (no boots)
Will    .....        g - amulet of guardian spirit
Stlth   +            (no ring)
HPRegen 0.23/turn    (no ring)
MPRegen 0.09/turn

%: guardian spirit
@: no status effects
A: sickness immunity, AC +3, negative energy resistance 1, electricity
resistance, torment resistance 1, petrification resistance
a: no special abilities


You were on level 2 of the Dungeon.
You visited 1 branch of the dungeon, and saw 2 of its levels.

You collected 48 gold pieces.


Innate Abilities, Weirdness & Mutations

You are immune to sickness and miasma.
Your stone body is resilient. (AC +3)
You are immune to poison.
You resist negative energy. (rN+)
You are resistant to electric shocks. (rElec)
You are resistant to unholy torment.
You are immune to petrification.


   Skills:
 - Level 2.0 Fighting
 + Level 3.2 Ranged Weapons
 - Level 1.5 Dodging
 - Level 1.0 Spellcasting
 - Level 2.6 Hexes


You had 3 spell levels left.
You knew the following spells:

 Your Spells              Type           Power      Damage    Failure   Level
a - Slow                  Hex            28%        N/A       22%         1

Your spell library contained the following spells:

 Spells                   Type           Power      Damage    Failure   Level
 Inner Flame              Hex/Fire       4%         N/A       75%         3
 Portal Projectile        Hex/Tloc       8%         N/A       75%         3
 Cause Fear               Hex            3%         N/A       92%         4

Inventory:

Hand Weapons
 Y - a +1 sling (weapon)
Armour
 h - a +0 ring mail (worn)
Jewellery
 g - an amulet of guardian spirit (around neck)
Scrolls
 b - a scroll of identify
Potions
 a - a potion of haste {unknown}
 i - a potion of curing {unknown}

Dungeon Overview and Level Annotations

Branches:
Dungeon (2/15)

Altars:

Annotations:
D:2 Terence


Message History

You kill the frilled lizard!
The jackal barely misses you. Terence hits you but does no damage.
The jackal barely misses you.
The jackal bites you but does no damage.
Terence closely misses you.
You shoot a sling bullet.
The sling bullet hits Terence but does no damage.
Terence is heavily wounded.
The jackal barely misses you.
The jackal bites you but does no damage.
Terence hits you with a +3 mace.
The jackal bites you but does no damage.
The jackal barely misses you.
You shoot a sling bullet. The sling bullet hits Terence.
Terence is heavily wounded.
The jackal bites you but does no damage.
The jackal barely misses you. Terence closely misses you. The jackal bites you.
You shoot a sling bullet. The sling bullet hits Terence.
Terence is heavily wounded.
The jackal bites you.
The jackal bites you but does no damage.
Terence barely misses you. The jackal bites you.
Terence hits you with a +3 mace. The jackal bites you.
You shoot a sling bullet. The sling bullet hits Terence.
Terence is severely wounded.
The jackal bites you but does no damage. x2
The jackal bites you. Terence hits you with a +3 mace.
The jackal bites you but does no damage.
The adder bites you.
You shoot a sling bullet. The sling bullet barely misses Terence.
The jackal barely misses you. The jackal bites you.
Terence hits you but does no damage. The adder bites you but does no damage.
The jackal bites you but does no damage.
The jackal barely misses you. Terence hits you with a +3 mace.
You shoot a sling bullet. The sling bullet hits Terence.
Terence is severely wounded.
The jackal barely misses you. The adder bites you.
The jackal barely misses you.
The jackal bites you but does no damage.
The adder bites you.
You die...

## .####......... ...
..........
#.###......... .
######.. ...#......
..##......###.........
............#...%.....
.............Sh@......
..............@hh.....
.......<......###.$...
...............# ...
................. .
...........###....
............# ##....)
.$##..........
............ ..
...#..#######...........
##.###.##..............#


You could see Terence, an adder and 3 jackals.

Vanquished Creatures
  4 endoplasms
  2 giant cockroaches (D:1)
  7 hobgoblins (D:1)
  2 jackals (D:1)
  2 quokkas (D:1)
  A ball python (D:1)
  2 bats (D:1)
  4 frilled lizards
  3 goblins (D:1)
  A kobold (D:1)
  A rat (D:1)
29 creatures vanquished.

Notes
Turn   | Place    | Note
-------+----------+-------------------------------------------
     0 | D:1      | qw the Gargoyle Hexslinger began the quest for the Orb.
     0 | D:1      | Reached XP level 1. HP: 12/12 MP: 2/2
     0 | D:1      | 0 ||| qw: Version: 0.3-a-46-gb1f654a
     0 | D:1      | 0 ||| qw: Game counter: 3362
     0 | D:1      | 0 ||| qw: Melee chars always use a shield: true
     0 | D:1      | 0 ||| qw: God list: Okawaru
     0 | D:1      | 0 ||| qw: Allow faded altars: false
     0 | D:1      | 0 ||| qw: Do Orc after clearing Dungeon:15 true
     0 | D:1      | 0 ||| qw: Do second Lair branch before Depths: true
     0 | D:1      | 0 ||| qw: Lair rune preference: random
     0 | D:1      | 0 ||| qw: Goals: Normal
     0 | D:1      | 0 ||| PLANNING D:1-11
   241 | D:1      | Reached XP level 2. HP: 16/16 MP: 3/3
   277 | D:1      | Reached skill level 3 in Ranged Weapons
   538 | D:1      | You fall into a shaft and drop 1 floor!
   539 | D:2      | 539 ||| UPGRADING to +0 ring mail.
   549 | D:2      | 549 ||| DROPPING +0 robe.
   550 | D:2      | 550 ||| UPGRADING to amulet of guardian spirit.
   555 | D:2      | 555 ||| READING scroll labelled LEH CAUTUA.
   556 | D:2      | 556 ||| READING scroll labelled NOKEATINTO.
   557 | D:2      | 557 ||| DRINKING 2 glowing blue potions.
   558 | D:2      | 558 ||| DROPPING scroll of poison.
   559 | D:2      | 559 ||| DROPPING potion of invisibility.
   566 | D:2      | 566 ||| FLEEEEING.
   567 | D:2      | 567 ||| STAIRDANCE
   655 | D:1      | Reached XP level 3. HP: 21/21 MP: 4/4
  1004 | D:2      | Noticed Terence
  1016 | D:2      | HP: 5/21 [jackal (1)]
  1017 | D:2      | Slain by an adder

Levels and vault maps discovered:
D:1:      minmay_arrival_three_doors, layout_loops_corners
D:2:      layout_rooms, shapermc_ecumenical_altar_notcrosses, uniq_natasha,
          uniq_terence

Skill      XL: |  1  2 |
---------------+-------+-----
Ranged Weapons | 3 |  3.2
Fighting       | 2 |  2.0
Dodging        | |  1.5
Spellcasting   | |  1.0
Hexes          | |  2.6

Action                     || total
---------------------------++-------
   Fire: Sling             ||   105
    Use: Scroll            ||     2
         Potion            ||     1
 Armour: Robe              ||     4
         Ring mail         ||    25
  Dodge: Dodged            ||    44

Table legend:
 A = Non-vault XP
 B = Vault XP
 C = Vault XP percentage of total XP
 D = Non-vault monster count
 E = Vault monster count
 F = Vault count percentage of total count
                 A         B        C        D         E       F
            +---------+---------+-------+---------+---------+-------
      Total |      48 |       0 |   0.0 |      29 |       0 |   0.0
            +---------+---------+-------+---------+---------+-------
        D:1 |      44 |       0 |   0.0 |      26 |       0 |   0.0
        D:2 |       4 |       0 |   0.0 |       3 |       0 |   0.0
            +---------+---------+-------+---------+---------+-------
